 Dungeon Crawl Stone Soup version 0.27-a0-1147-gb3d8e82157 (webtiles) character file.

Game seed: 15609090992493308511

68 robertstho the Magician (level 4, -4/31 HPs)
             Began as a Djinni Fire Elementalist on May 11, 2021.
             Slain by a gnoll
             ... wielding a +0 spear
              (7 damage)
             ... on level 2 of the Dungeon.
             The game lasted 00:04:17 (2716 turns).

robertstho the Magician (Djinni Fire Elementalist)  Turns: 2716, Time: 00:04:17

Health: -4/31      AC:  3    Str:  7    XL:     4   Next: 19%
Gold:   106        EV: 12    Int: 18    God:
                   SH:  0    Dex: 13

rFire    + + .     SeeInvis .   e - +7 dagger
rCold    x . .     Faith    .   (no shield)
rNeg     . . .     Spirit   .   a - +0 robe
rPois    ∞         Reflect  .   (no helmet)
rElec    .         Harm     .   (no cloak)
rCorr    .         Rampage  .   d - +0 pair of gloves
Will     .....                  (boots unavailable)
Stlth    ++........             (no amulet)
HPRegen  0.10/turn              (no ring)
MPRegen  0.00/turn              (no ring)

@: flying
A: sickness immunity, fire resistance 2, cold vulnerability 1, float, innate
caster, hp casting, extra vitality 1
a: no special abilities


You were on level 2 of the Dungeon.
You visited 1 branch of the dungeon, and saw 2 of its levels.

You collected 106 gold pieces.

Inventory:

Hand Weapons
 c - a +0 dagger
 e - a +7 dagger (weapon)
Armour
 a - a +0 robe (worn)
 d - a +0 pair of gloves (worn)
Scrolls
 b - a scroll of identify
 g - a scroll of brand weapon


   Skills:
 + Level 2.3 Dodging
 + Level 1.9 Stealth
 + Level 4.0 Spellcasting


You couldn't memorise any spells.
You knew the following spells:

 Your Spells              Type           Power      Damage    Failure   Level
a - Foxfire               Conj/Fire      72%        2x1d7     2%          1
b - Conjure Flame         Conj/Fire      18%        6-21      9%          3
c - Inner Flame           Hex/Fire       18%        N/A       9%          3
d - Sticky Flame          Conj/Fire      18%        2d4       28%         4
e - Fireball              Conj/Fire      9%         3d6       61%         5
f - Summon Small Mammal   Summ           72%        N/A       2%          1
Your spell library was empty.

Dungeon Overview and Level Annotations

Branches:
Dungeon (2/15)

Altars:

Shops:
D:1 (


Innate Abilities, Weirdness & Mutations

You are immune to sickness and miasma.
You are immune to poison.
Your flesh is very heat resistant. (rF++)
You are vulnerable to cold. (rC-)
You float through the air rather than walking.
You learn spells naturally, not from books.
Your magical power is your life essence.
You have superior vitality. (+4 HP)


Message History

You conjure some foxfire!
* * * LOW HITPOINT WARNING * * *
The foxfire hits the gnoll.
The gnoll is moderately wounded.
It was a potion of magic.
Magic courses through your body.
The foxfire hits the gnoll!
The gnoll is almost dead.
As you read the scroll labelled WUEWNU VYMEUL, it crumbles to dust.
It is a scroll of identify.
g - a scroll of brand weapon
As you read the scroll labelled AMOGRET YNGIO, it crumbles to dust.
Wisps of shadow whirl around you...
It was a scroll of summoning.
Your frilled lizard bites the gnoll.
Your frilled lizard closely misses the gnoll.
Your ball python bites the gnoll but does no damage.
Your ball python barely misses the gnoll.
Your frilled lizard barely misses the gnoll.
You aren't carrying any potions.
This is a scroll of acquirement!
Something appears before you! The gnoll hits you with a +0 whip.
* * * LOW HITPOINT WARNING * * *
Your ball python closely misses the gnoll.
Your ball python grabs the gnoll.
Your ball python constricts the gnoll.
The gnoll closely misses your ball python.
Your frilled lizard completely misses the gnoll.
Your frilled lizard bites the gnoll.
You aren't carrying any items that you can evoke.
Casting: Foxfire (safe; 3% risk of failure)
Confirm with . or Enter, or press ? or * to list all spells.
* * * LOW HITPOINT WARNING * * *
Your hobgoblin hits the gnoll but does no damage.
Your ball python bites the gnoll.
Your ball python constricts the gnoll.
The gnoll dies!
The gnoll hits you but does no damage. The gnoll barely misses you.
Your frilled lizard bites the gnoll.
Your Spellcasting skill increases to level 4!
You hit the gnoll.
You kill the gnoll!
The gnoll hits you from afar with a +0 spear!
You die...

#.#.#.#....###)..# #)#
.#.#.#.#...§##...# #.#
#.#.#.#....###...####.#
.#.#.#.##.#...).....#.#
#.#.#.#...............#
.#.#.#.##)#....l....###
#.#.#.#.#)####g.>####
.#.#.#.##g#


#lSg# #.#.#.#.#)# #r.@# #########.# ##### #.# #g# #.# #.# ... ... ... You could
see a gnoll (ally target), a friendly hobgoblin (summoned), a friendly ball
python (summoned), 2 friendly frilled lizards and a friendly rat (summoned).

Vanquished Creatures
  Robin (D:2)
  A gnoll (D:2)
  2 ball pythons
  3 endoplasms (D:1)
  2 giant cockroaches (D:2)
  3 hobgoblins
  7 jackals (D:1)
  3 kobolds
  5 bats
  2 frilled lizards (D:1)
  12 goblins
  A rat (D:2)
42 creatures vanquished.

Vanquished Creatures (collateral kills)
  A gnoll (D:2)
1 creature vanquished.

Vanquished Creatures (others)
  9 demonic plants (D:2)
  172 foxfires
  6 fungi (D:2)
  2 plants (D:2)
  A withered plant (D:2)
190 creatures vanquished.

Grand Total: 233 creatures vanquished

Notes
Turn   | Place    | Note
-------+----------+-------------------------------------------
     0 | D:1      | robertstho the Djinni Fire Elementalist began the quest for
                  | the Orb.
     0 | D:1      | Reached XP level 1. HP: 15/15 MP: 0/0
   428 | D:1      | Reached skill level 3 in Spellcasting
   428 | D:1      | Reached XP level 2. HP: 18/21 MP: 0/0
   619 | D:1      | Found Ziosav's Weapon Boutique.
  1599 | D:1      | Reached XP level 3. HP: 24/25 MP: 0/0
  1599 | D:1      | Learned a level 1 spell: Summon Small Mammal
  2668 | D:2      | Noticed Robin
  2680 | D:2      | Killed Robin
  2686 | D:2      | Reached XP level 4. HP: 15/31 MP: 0/0
  2714 | D:2      | Identified a scroll of acquirement
  2714 | D:2      | Acquired a +2 helmet of see invisible
  2716 | D:2      | Reached skill level 4 in Spellcasting
  2716 | D:2      | Slain by a gnoll

Illustrated notes

Levels and vault maps discovered:
D:1:      zaba_arrival_water, layout_loops_corners, serial_shops,
          nicolae_shop_competitors_out_of_business
D:2:      layout_loops_corners, shapermc_ecumenical_altar_gd,
          nrook_loot_triangle, minivault_23, minmay_surrounded, uniq_robin

Skill      XL: |  1  2  3  4 |
---------------+-------------+-----
Spellcasting   | 3 4 |  4.0
Dodging        | |  2.3
Stealth        | |  1.9

Action                   |  1- 3 |  4- 6 || total
-------------------------+-------+-------++-------
Melee: Dagger            |       |     1 ||     1
 Cast: Foxfire           |   102 |     6 ||   108
       Summon Small Mamm |       |     1 ||     1
  Use: Scroll            |     1 |     3 ||     4
       Potion            |       |     1 ||     1
Armor: Robe              |     5 |     1 ||     6
Dodge: Dodged            |     5 |     1 ||     6

Table legend: (Time is in decaauts)
 A = Elapsed time spent in this place.
 B = Non-inter-level travel time spent in this place.
 C = Inter-level travel time spent in this place.
 D = Time resting spent in this place.
 E = Time spent auto-exploring this place.
 F = Levels seen in this place.
 G = Mean time per level.
                   A        B        C        D        E       F      G
               +--------+--------+--------+--------+--------+-----+--------+
         Total |   2714 |   2706 |      8 |    216 |   2234 |   2 | 1357.0 |
       Dungeon |   2714 |   2706 |      8 |    216 |   2234 |   2 | 1357.0 |
               +--------+--------+--------+--------+--------+-----+--------+

Top non-repeatable levels by time:
     D:1: 1938 daAuts
     D:2: 776 daAuts
